 Dungeon Crawl Stone Soup version 0.20.1-1-g8b1a95d (webtiles) character file.

34 vatarom the Magician (level 3, -4/26 HPs)
             Began as a Demonspawn Wizard on Oct 17, 2017.
             Slain by a worm (10 damage)
             ... on level 2 of the Dungeon.
             The game lasted 00:06:20 (2239 turns).

vatarom the Magician (Demonspawn Wizard)            Turns: 2239, Time: 00:06:21

Health: -4/26      AC:  2    Str:  7    XL:     3   Next: 14%
Magic:  0/7        EV: 14    Int: 20    God:
Gold:   35         SH:  0    Dex: 11    Spells: 0/8 levels left

rFire    + . .     SeeInvis .   a - +0 dagger
rCold    . . .     Gourm    .   (no shield)
rNeg     . . .     Faith    .   f - +0 robe
rPois    .         Spirit   .   n - +0 hat
rElec    .         Reflect  .   (no cloak)
rCorr    .         Harm     .   (no gloves)
MR       .....                  (no boots)
Stlth    ++........             (no amulet)
Regen    0.1/turn               (no ring)
MPRegen  0.1/turn               (no ring)

@: very slightly contaminated
A: repulsion field 1, fire resistance 1
a: no special abilities


You were on level 2 of the Dungeon.
You were hungry.

You visited 1 branch of the dungeon, and saw 2 of its levels.

You collected 35 gold pieces.

Inventory:

Hand Weapons
 a - a +0 dagger (weapon)
 b - a +0 hunting sling
Armour
 f - a +0 robe (worn)
 n - a +0 hat (worn)
Scrolls
 e - a scroll of fog
 i - 2 scrolls of teleportation
 l - a scroll of identify {unknown}
Potions
 j - a potion of agility {unknown}
 k - a potion of haste {unknown}
 m - a potion of flight {unknown}
Books
 c - a book of Minor Magic

   Spells                             Type                      Level
   a - Magic Dart                     Conjuration                  1
   b - Blink                          Translocation                2
   c - Call Imp                       Summoning                    2
   d - Slow                           Hexes                        2
   e - Conjure Flame                  Conjuration/Fire             3
   f - Mephitic Cloud                 Conjuration/Poison/Air       3
Comestibles
 d - a bread ration
 g - a fruit
 h - 3 meat rations


   Skills:
 + Level 1.6 Fighting
 - Level 1.7 Dodging
 - Level 1.7 Stealth
 + Level 3.1 Spellcasting
 * Level 2.2 Conjurations
 - Level 1.0 Summonings
 - Level 0.8 Translocations


You couldn't memorise any spells.
You knew the following spells:

 Your Spells              Type           Power        Failure   Level  Hunger
a - Magic Dart            Conj           ##..         5%          1    None
b - Call Imp              Summ           #.......     14%         2    ##.....
B - Blink                 Tloc           N/A          16%         2    ##.....
M - Mephitic Cloud        Conj/Pois/Air  #.......     30%         3    ###....


Dungeon Overview and Level Annotations

Branches:
Dungeon (2/15)

Altars:


Innate Abilities, Weirdness & Mutations

You are surrounded by a mild repulsion field. (EV +2)
Your flesh is heat resistant. (rF+)


Message History

You hit the worm but do no damage.
The worm is severely wounded.
Casting: Magic Dart
Confirm with . or Enter, or press ? or * to list all spells.
Aiming: Magic Dart
Press: ? - help, Shift-Dir - straight line, f/p - worm
Aim: a worm (severely wounded)
The magic dart hits the worm.
The worm is almost dead.
The worm bites you. The rat closely misses you.
Casting: Magic Dart
Confirm with . or Enter, or press ? or * to list all spells.
You don't have enough magic to cast that spell.
You hit the worm.
The worm is almost dead.
The rat twitches its whiskers.
The rat bites you.
* * * LOW HITPOINT WARNING * * *
The worm bites you!
You die...

#..............## #...#..#
##...##.)......# #...# .#
##########(.......# #...#
..........(.......####...# ##
...........########..'...+...#
...........###### #.##...##..#
................# #.#.....#..##
.....รท.........r###.#.##......#
...............w@...#.........#
................#######.#<.##.##
######..........+..........##..#
#..........######.##..##..##
#..........# #......###..#
#..........# ###..#....##..#
#..........# #...........#.#
#..........# #.##......#.#..
##############.##..###.#.##>


You could see a worm and a rat.

Vanquished Creatures
  A dart slug (D:1)
  A leopard gecko (D:2)
  7 bats (D:1)
  2 giant cockroaches (D:1)
  7 goblins
  A hobgoblin (D:1)
  5 frilled lizards
  4 kobolds (D:1)
  6 rats (D:1)
34 creatures vanquished.

Notes
Turn   | Place    | Note
-------+----------+-------------------------------------------
     0 | D:1      | vatarom the Demonspawn Wizard began the quest for the Orb.
     0 | D:1      | Reached XP level 1. HP: 13/13 MP: 4/4
   490 | D:1      | Gained mutation: Your flesh is heat resistant. (rF+) [demonic ancestry]
   490 | D:1      | Reached XP level 2. HP: 20/20 MP: 0/6
   513 | D:1      | Learned a level 2 spell: Blink
   516 | D:1      | Learned a level 2 spell: Call Imp
   595 | D:1      | Reached skill level 1 in Fighting
  1851 | D:2      | Gained mutation: You are surrounded by a mild repulsion field. (EV +2) [demonic ancestry]
  1851 | D:2      | Reached XP level 3. HP: 26/26 MP: 4/7
  1856 | D:2      | Learned a level 3 spell: Mephitic Cloud
  2239 | D:2      | Slain by a worm

Skill      XL: |  1  2 |
---------------+-------+-----
Fighting       | 1 |  1.6
Conjurations   | 2 |  2.2
Dodging        | |  1.7
Stealth        | |  1.7
Spellcasting   | |  3.1
Summonings     | |  1.0
Translocations | |  0.8

Action                   || total
-------------------------++-------
Melee: Unarmed           ||    23
       Dagger            ||    29
 Fire: Hunting sling     ||    11
 Cast: Magic Dart        ||    87
       Call Imp          ||     1
  Use: Scroll            ||     4
  Eat: Chunk             ||     3
Armor: Robe              ||    10
Dodge: Dodged            ||    40
